Map: Orbital Shipyard

Players

MorN

  • Race: Terran Terran
  • League: Master

Apocalypse - Winner!

  • Race: Protoss Protoss
  • League: Master

VOD

Have the link to the VOD?

Description

Time

  • Played on: Dec. 1, 2015, 6:59 p.m.
  • Length: 9:03
Show
View Real Time Build Order
Export as new Build Order

MorN Terran 

Build Orders: MMM Bio 

Get SALT Encoding   

  12  0:01  SCV  
  13  0:13  SCV  
  14  0:22  Supply Depot  
  14  0:26  SCV  
  15  0:43  SCV  
  15  0:45  Barracks  
  16  0:52  Refinery  
  16  0:56  SCV  
  17  1:08  SCV  
  18  1:20  SCV  
  19  1:34  Orbital Command  
  19  1:35  Marine  
  20  1:43  Command Center  
  20  1:57  Factory  
  20  1:58  Marine  
  21  2:10  Supply Depot  
  21  2:13  SCV  
  22  2:16  Marine  
  23  2:32  SCV  
  23  2:36  Marine  
  25  2:43  Factory Tech Lab  
  25  2:47  Barracks  
  25  2:49  SCV  
  26  2:54  Marine  
  26  2:56  Orbital Command  
  27  3:01  SCV  
  27  3:03  Cyclone  
  31  3:12  Engineering Bay  
  31  3:13  SCV  
  31  3:14  Refinery  
  31  3:15  Marine  
  33  3:22  SCV  
  33  3:25  SCV  
  35  3:35  SCV  
  36  3:41  Barracks  
  36  3:44  Factory Reactor  
  36  3:47  SCV  
  37  3:54  Marine  
  37  3:55  Stimpack, Marine  
  39  3:57  SCV  
  39  3:59  SCV  
  39  4:02  Missile Turret  
  41  4:09  SCV  
  42  4:11  SCV  
  42  4:12  Marine  
  42  4:16  Command Center  
  44  4:20  Marine  
  44  4:21  SCV  
  46  4:30  Factory Reactor, Starport  
  46  4:31  SCV  
  46  4:33  Marine  
  46  4:37  SCV  
  49  4:40  Refinery  
  49  4:44  SCV  
  50  4:45  Marine x3  
  53  4:53  Supply Depot, SCV  
  54  5:01  Terran Infantry Weapons Level 1  
  54  5:06  Supply Depot  
  54  5:07  Barracks Tech Lab  
  54  5:15  SCV, Marauder  
  57  5:21  SCV  
  57  5:22  Supply Depot  
  57  5:24  Refinery  
  57  5:27  SCV, Combat Shields  
  59  5:28  Barracks  
  59  5:30  Barracks  
  59  5:40  Orbital Command  
  47  5:59  Marine x2  
  47  6:00  Marauder x2  
  47  6:01  Medivac x2  
  47  6:02  Factory Reactor  
  57  6:07  SCV  
  58  6:14  Supply Depot  
  58  6:20  Barracks Tech Lab  
  58  6:21  Barracks Reactor  
  58  6:24  SCV x3  
  61  6:28  Marine x2  
  63  6:36  SCV  
  64  6:41  Concussive Shells  
  64  6:42  Widow Mine x2  
  64  6:43  Medivac x2  
  64  6:44  SCV  
  64  6:45  SCV  
  74  6:50  Marine x3  
  74  6:53  Marauder  
  79  6:57  Supply Depot  
  79  6:59  Orbital Command  
  81  7:01  SCV x2  
  81  7:06  Supply Depot  
  81  7:07  Terran Infantry Armor Level 1  
  81  7:11  Marine x3  
  81  7:13  SCV  
  80  7:30  SCV x3  
  82  7:42  SCV  
  82  7:43  Marine  
  82  7:44  Marauder, Marine x3  
  85  7:45  Marauder x2  
  85  7:49  SCV x2  
  85  7:50  Engineering Bay  
  95  7:52  Armory, Missile Turret  
  95  7:54  SCV  
  95  7:56  Medivac  
  95  7:57  Medivac  
  100  8:01  SCV, Marine x3  
  100  8:02  Marine  
  100  8:05  Supply Depot, Marine  
  98  8:17  Marauder  
  98  8:18  Marauder  
  98  8:19  Bunker, Marine x3  
  103  8:22  Bunker  
  91  8:30  Marine x2  
  91  8:31  Medivac  
  95  8:37  Supply Depot, Marine  
  95  8:39  Marauder  
  92  8:44  Marine x3  
Show
View Real Time Build Order
Export as new Build Order

Apocalypse Protoss - Winner!

Build Orders: 1 Gate Expand 

Get SALT Encoding   

  12  0:01  Probe (Chrono Boost)  
  13  0:11  Probe (Chrono Boost)  
  14  0:17  Pylon  
  14  0:22  Probe (Chrono Boost)  
  15  0:35  Probe (Chrono Boost)  
  16  0:36  Gateway  
  16  0:45  Probe (Chrono Boost)  
  16  0:46  Assimilator  
  17  0:56  Probe (Chrono Boost)  
  18  1:07  Probe (Chrono Boost)  
  19  1:17  Probe (Chrono Boost)  
  20  1:23  Nexus  
  20  1:28  Probe (Chrono Boost)  
  21  1:39  Cybernetics Core, Probe (Chrono Boost)  
  22  1:46  Pylon  
  22  1:50  Probe (Chrono Boost)  
  23  1:54  Assimilator  
  23  2:04  Probe (Chrono Boost)  
  24  2:17  Mothership Core (Chrono Boost), Adept  
  24  2:18  Warp Gate  
  28  2:24  Forge  
  28  2:35  Probe (Chrono Boost)  
  29  2:43  Probe (Chrono Boost)  
  30  2:44  Adept  
  30  2:45  Probe (Chrono Boost)  
  33  2:52  Probe (Chrono Boost)  
  33  2:53  Protoss Ground Armor Level 1 (Chrono Boost)  
  33  2:56  Probe (Chrono Boost)  
  35  3:02  Probe  
  36  3:08  Probe  
  37  3:12  Probe  
  37  3:13  Adept  
  40  3:20  Probe, Robotics Facility  
  40  3:23  Probe  
  42  3:37  Gateway  
  42  3:39  Probe  
  43  3:43  Pylon  
  43  3:44  Probe  
  43  3:47  Pylon  
  44  3:51  Probe  
  45  3:55  Probe  
  45  3:57  Twilight Council  
  45  4:00  Gateway  
  46  4:03  Probe  
  46  4:06  Warp Prism (Chrono Boost)  
  49  4:11  Probe  
  49  4:15  Assimilator  
  49  4:16  Assimilator  
  50  4:23  Probe x2  
  52  4:25  Sentry  
  54  4:32  Protoss Ground Armor Level 2  
  54  4:33  Pylon  
  54  4:35  Probe  
  56  4:38  Observer (Chrono Boost)  
  56  4:40  Adept  
  58  4:48  Resonating Glaives (Chrono Boost)  
  58  4:52  Probe x2  
  60  4:55  Adept  
  62  5:00  Pylon  
  62  5:12  Nexus, Adept  
  62  5:13  Adept  
  66  5:16  Adept  
  66  5:19  Immortal  
  72  5:24  Probe x2  
  74  5:33  Pylon  
  74  5:36  Probe x2  
  74  5:37  Stalker  
  72  5:58  Probe x2  
  72  5:59  Stalker x2  
  72  6:04  Pylon x2  
  76  6:09  Stalker  
  76  6:10  Probe  
  76  6:11  Probe, Immortal  
  84  6:20  Pylon  
  84  6:23  Probe x2, Adept x2  
  90  6:33  Blink (Chrono Boost)  
  90  6:35  Sentry  
  92  6:41  Probe x2  
  92  6:44  Probe  
  92  6:46  Sentry  
  92  6:47  Sentry, Assimilator  
  99  6:51  Immortal, Assimilator  
  99  6:53  Probe  
  104  7:00  Stalker, Pylon  
  106  7:06  Probe x2  
  108  7:11  Gateway  
  108  7:14  Gateway  
  108  7:26  Stalker x3  
  108  7:27  Probe x2  
  116  7:35  Immortal  
  120  7:41  Gateway  
  120  7:43  Gateway  
  120  7:44  Gateway  
  120  7:46  Gateway  
  120  7:52  Adept x3  
  120  7:53  Pylon  
  126  8:00  Probe  
  126  8:01  Probe  
  128  8:12  Adept  
  128  8:13  Adept x4  
  134  8:45  Pylon  
  130  8:49  Nexus  
Tags
 
Add a new tag
Caveats
  • Supply blocks, unpowered buildings, or Contaminate may cause inaccurate times.
  • Supply counts are checked every 10 seconds.